 Dungeon Crawl Stone Soup version 0.23.1 (webtiles) character file.

Game seed: 10264335642283466830

1094 Borgoz the Sneak (level 8, 0/63 HPs)
             Began as a Ghoul Enchanter on Mar 14, 2019.
             Was an Initiate of Ashenzari.
             Hit by a large rock thrown by a cyclops (41 damage)
             ... on level 7 of the Dungeon.
             The game lasted 00:16:08 (6879 turns).

Borgoz the Sneak (Ghoul Enchanter)                  Turns: 6879, Time: 00:16:08

Health: 0/63       AC: 10    Str: 12    XL:     8   Next: 31%
Magic:  10/10      EV: 12    Int: 10    God:    Ashenzari [......]
Gold:   497        SH:  0    Dex: 11    Spells: 3/11 levels left

rFire    + . .     SeeInvis .   a - +2 dagger (drain)
rCold    + . .     Gourm    .   (no shield)
rNeg     + + +     Faith    .   o - +2 ring mail {rF+}
rPois    ∞         Spirit   .   q - +0 helmet
rElec    .         Reflect  .   (no cloak)
rCorr    +         Harm     .   (no gloves)
MR       .....                  f - +0 pair of boots
Stlth    ++........             (no amulet)
HPRegen  0.00/turn              h - ring of resist corrosion
MPRegen  0.12/turn              (no ring)

@: rotting
A: rotting body, claws 1, carnivore, cold resistance 1, negative energy
resistance 3, inhibited regeneration, torment resistance, unbreathing
a: Curse Item, Renounce Religion


You were on level 7 of the Dungeon.
You worshipped Ashenzari.
Ashenzari was noncommittal.
You were not hungry.

You visited 2 branches of the dungeon, and saw 8 of its levels.

You collected 497 gold pieces.

Inventory:

Hand Weapons
 a - a +2 dagger of draining (weapon)
 c - a +0 falchion of holy wrath
Missiles
 e - 37 poisoned needles
Armour
 f - a +0 pair of boots (worn)
 o - a +2 ring mail of fire resistance (worn)
 q - a +0 helmet (worn)
Jewellery
 h - a ring of resist corrosion (left claw)
Wands
 b - a wand of enslavement (3)
 j - a wand of random effects (11)
 n - a wand of flame (17)
Scrolls
 k - a scroll of enchant armour
 p - a scroll of magic mapping
 t - a scroll of remove curse
Potions
 g - a potion of heal wounds
 i - 3 potions of haste
 l - 2 potions of curing
 m - a potion of invisibility
 r - a potion of flight
Comestibles
 d - 11 rations
 u - 4 chunks of flesh


   Skills:
 + Level 3.5 Fighting
 + Level 3.5 Short Blades
 + Level 1.4 Throwing
 + Level 3.2 Armour
 + Level 3.9 Dodging
 - Level 5.0 Stealth
 - Level 2.0 Spellcasting
 + Level 3.7 Hexes
 - Level 1.0 Ice Magic
 + Level 1.2 Evocations


You had 3 spell levels left.
You knew the following spells:

 Your Spells              Type           Power        Failure   Level  Hunger
a - Corona                Hex            #......      14%         1    ##.....
b - Ensorcelled Hibernat  Hex/Ice        #.....       36%         2    ###....
c - Confuse               Hex            #.......     38%         3    ####...
d - Blink                 Tloc           N/A          69%         2    ###....

Your spell library contained the following spells:

 Spells                   Type           Power        Failure   Level  Hunger
 Slow                     Hex            #.......     22%         2    ###....
 Tukima's Dance           Hex            #.......     38%         3    ####...
 Magic Dart               Conj           #...         54%         1    ##.....
 Dazzling Spray           Conj/Hex       #.....       67%         3    ####...
 Call Imp                 Summ           #.......     69%         2    ###....
 Conjure Flame            Conj/Fire      #.......     89%         3    ####...
 Mephitic Cloud           Conj/Pois/Air  #.......     89%         3    ####...


Dungeon Overview and Level Annotations

Branches:
Dungeon (7/15)             Temple (1/1) D:5

Altars:
Ashenzari
Cheibriados
Dithmenos
Elyvilon
Fedhas
Gozag
Hepliaklqana
Kikubaaqudgha
Makhleb
Nemelex Xobeh
Okawaru
Qazlal
Ru
Sif Muna
Trog
Uskayaw
Vehumet
Wu Jian
Xom
Yredelemnul
Zin
The Shining One


Innate Abilities, Weirdness & Mutations

Your body is rotting away.
You thrive on raw meat.
You are immune to poison.
You have sharp fingernails.
You are carnivorous and can eat meat at any time.
Your flesh is cold resistant. (rC+)
You are immune to negative energy. (rN+++)
You do not regenerate when monsters are visible.
You are immune to unholy pain and torment.
You can survive without breathing.


Message History

The crimson imp is lightly wounded.
The crimson imp closely misses you.
As you read the scroll labeled VEASURCHIRUSH, it crumbles to dust.
You feel strangely unstable.
It was a scroll of teleportation.
The crimson imp hits you but does no damage.
A crimson imp is nearby!
A crimson imp is nearby!
You see here an iguana skeleton.
Your surroundings suddenly seem different.
An eye of draining comes into view.
The eye of draining turns its gaze towards you.
A cyclops comes into view.
The cyclops shouts!
A killer bee comes into view.
The killer bee buzzes angrily.
A killer bee comes into view. x2; A bullfrog skeleton comes into view.
A killer bee comes into view.
The cyclops throws a large rock.
The large rock hits you!!!
Ouch! That really hurt!
You die...

###*#### *#######......#*****
*......#.#....#,,,,*****
*....G........#,,,,,,,,*
*********.......@.....#,,*,***,*
,,,,,,,,,y..y...8.....'.,,,,,,>*
*****,***.y.Z..8>8....##********
* *,* *...)..y8.....C.,********
** *,* *...............,*,,,,,,,
,* *,* *.y.S....^......**,*****,
,** *,*
*....<..........**,*****, ,,*
*,* *######......###**,,,<**,
*,* *,* *,,,,,,,,,********,


You could see a cyclops, an eye of draining, 5 killer bees, an adder (sleeping)
and a bullfrog skeleton.

Vanquished Creatures
  Grinder (D:3)
  A phantom (D:4)
  An ogre (D:6)
  A centaur (D:6)
  A centaur zombie (D:4)
  2 crimson imps
  3 bullfrog zombies
  A hound (D:4)
  An orc priest (D:3)
  2 worker ants (D:4)
  Jessica (D:3)
  Ijyb (D:3)
  An iguana (D:7)
  An orc wizard (D:3)
  A hound skeleton (D:2)
  Robin (D:4)
  A howler monkey zombie (D:4)
  2 worker ant zombies
  A gnoll (D:1)
  4 adders
  A shadow imp (D:6)
  2 oozes
  An adder zombie (D:4)
  An adder skeleton (D:4)
  5 worms
  A leopard gecko (D:7)
  7 orcs
  A ball python (D:1)
  12 bats
  A giant cockroach (D:1)
  28 goblins
  12 hobgoblins
  3 jackals (D:2)
  4 quokkas
  3 frilled lizards
  A giant cockroach zombie (D:5)
  4 kobolds (D:1)
  2 leopard gecko zombies
  6 rats
123 creatures vanquished.

Notes
Turn   | Place    | Note
-------+----------+-------------------------------------------
     0 | D:1      | Borgoz the Ghoul Enchanter began the quest for the Orb.
     0 | D:1      | Reached XP level 1. HP: 14/14 MP: 2/2
    36 | D:1      | Reached skill level 1 in Short Blades
   168 | D:1      | Reached XP level 2. HP: 19/20 MP: 3/3
   201 | D:1      | Learned a level 2 spell: Ensorcelled Hibernation
   559 | D:1      | Reached skill level 1 in Armour
   559 | D:1      | Reached XP level 3. HP: 9/26 MP: 5/5
  1265 | D:2      | Reached skill level 1 in Ice Magic
  1525 | D:2      | Reached XP level 4. HP: 26/33 MP: 6/6
  2370 | D:3      | Reached skill level 1 in Fighting
  2370 | D:3      | Reached skill level 4 in Stealth
  2370 | D:3      | Reached XP level 5. HP: 16/40 MP: 4/7
  2871 | D:3      | Reached XP level 6. HP: 31/48 MP: 6/8
  2999 | D:3      | Noticed Ijyb
  3027 | D:3      | Killed Ijyb
  3230 | D:3      | Noticed Jessica
  3236 | D:3      | Killed Jessica
  3252 | D:3      | Noticed Grinder
  3261 | D:3      | Paralysed by Grinder for 5 turns
  3292 | D:3      | Paralysed by Grinder for 5 turns
  3321 | D:3      | Killed Grinder
  3321 | D:3      | Reached XP level 7. HP: 47/56 MP: 9/9
  3668 | D:4      | Noticed Robin
  3693 | D:4      | Killed Robin
  3876 | D:4      | Found a burning altar of Makhleb.
  3876 | D:4      | Noticed a cacodemon
  4057 | D:4      | Reached skill level 5 in Stealth
  4440 | D:4      | Learned a level 3 spell: Confuse
  4443 | D:4      | Learned a level 2 spell: Blink
  5258 | D:5      | Entered Level 5 of the Dungeon
  5264 | D:5      | Found a staircase to the Ecumenical Temple.
  5470 | Temple   | Entered the Ecumenical Temple
  5711 | Temple   | Became a worshipper of Ashenzari the Shackled
  5852 | D:6      | Reached XP level 8. HP: 56/59 MP: 10/10
  6090 | D:5      | Reached skill level 1 in Throwing
  6090 | D:5      | Reached skill level 1 in Evocations
  6879 | D:7      | Noticed a cyclops
  6879 | D:7      | Hit by a large rock thrown by a cyclops

Skill      XL: |  1  2  3  4  5  6  7  8 |
---------------+-------------------------+-----
Short Blades   | 1 2 3 |  3.5
Dodging        | 2 3 |  3.9
Spellcasting   | 2 |  2.0
Armour         | 1 2 3 |  3.2
Ice Magic      | 1 |  1.0
Fighting       | 1 2 3 |  3.5
Stealth        | 4 5 |  5.0
Hexes          | 3 |  3.7
Throwing       | 1 |  1.4
Evocations     | 1 |  1.2

Action                   |  1- 3 |  4- 6 |  7- 9 || total
-------------------------+-------+-------+-------++-------
Melee: Dagger            |    82 |    66 |   580 ||   728
       Short sword       |   126 |   256 |       ||   382
 Cast: Ensorcelled Hiber |       |     2 |     1 ||     3
Evoke: Wand              |       |       |    14 ||    14
  Use: Scroll            |     4 |     2 |     8 ||    14
       Potion            |       |     7 |       ||     7
 Stab: Sleeping          |     2 |       |     4 ||     6
  Eat: Chunk             |    15 |    13 |    16 ||    44
Armor: Robe              |    21 |       |       ||    21
       Chain mail        |    67 |       |       ||    67
       Scale mail        |    27 |    96 |       ||   123
       Ring mail         |       |    36 |   226 ||   262
Dodge: Dodged            |   115 |   156 |   233 ||   504
